 Dungeon Crawl Stone Soup version 0.21-a0-509-gecc5317 (webtiles) character file.

58 KristoblXynda the Chopper (level 3, -1/29 HPs)
             Began as a Draconian Gladiator on Nov 30, 2017.
             Slain by an orc
             ... wielding a +0 trident
              (4 damage)
             ... on level 2 of the Dungeon.
             The game lasted 00:01:01 (843 turns).

KristoblXynda the Chopper (Draconian Gladiator)      Turns: 843, Time: 00:01:01

Health: -1/29      AC:  5    Str: 17    XL:     3   Next: 75%
Magic:  3/3        EV: 13    Int:  8    God:
Gold:   44         SH:  0    Dex: 12    Spells: 2/2 levels left

rFire    . . .     SeeInvis .   a - +0 war axe
rCold    . . .     Gourm    .   (no shield)
rNeg     . . .     Faith    .   (armour unavailable)
rPois    .         Spirit   .   b - +0 hat
rElec    .         Reflect  .   (no cloak)
rCorr    .         Harm     .   (no gloves)
MR       .....                  (no boots)
Stlth    +.........             (no amulet)
HPRegen  0.09/turn              (no ring)
MPRegen  0.08/turn              (no ring)

@: no status effects
A: unfitting armour, cold-blooded, AC +5
a: no special abilities


You were on level 2 of the Dungeon.
You were not hungry.

You visited 1 branch of the dungeon, and saw 2 of its levels.

You collected 44 gold pieces.

Inventory:

Hand Weapons
 a - a +0 war axe (weapon)
Missiles
 c - 3 throwing nets (quivered)
Armour
 b - a +0 hat (worn)
Scrolls
 f - 2 scrolls of remove curse {unknown}
 g - a scroll of enchant weapon {unknown}
 h - 4 scrolls of identify {unknown}
 i - a scroll of immolation {unknown}
Potions
 e - a potion of ambrosia {unknown}
Comestibles
 d - 3 bread rations
 j - a royal jelly


   Skills:
 - Level 2.1 Fighting
 * Level 4.0 Axes
 + Level 2.3 Throwing
 + Level 3.1 Dodging


You had 2 spell levels left.
You didn't know any spells.

Dungeon Overview and Level Annotations

Branches:
Dungeon (2/15)

Altars:


Innate Abilities, Weirdness & Mutations

Your plain brown scales are hard. (AC +5)
You cannot fit into any form of body armour.
You are cold-blooded and may be slowed by cold attacks.


Message History

The orc wizard hits you but does no damage.
You hit the orc wizard.
The orc wizard is severely wounded.
The orc barely misses you.
The orc wizard gestures at you while chanting.
The magic dart hits you!
You closely miss the orc wizard.
The orc wizard is severely wounded.
The orc hits you from afar with a trident!
The orc wizard hits you with a dagger. The orc barely misses you.
You closely miss the orc wizard.
The orc wizard is severely wounded.
The orc wizard closely misses you. The orc hits you but does no damage.
The orc wizard points at you and mumbles some strange words.
The magic dart hits you!
* * * LOW HITPOINT WARNING * * *
You barely miss the orc wizard.
The orc wizard is severely wounded.
The orc hits you from afar with a trident.
You die...

#.#...[...#
#.......#
#.......#####
######......#
######.# ###
#.# #... #.#
#....######.#
#...oo@..(..#
#....########
#... #.. ...
.#


You could see an orc wizard and an orc.

Vanquished Creatures
  A bullfrog skeleton (D:2)
  A worm (D:2)
  An orc (D:2)
  2 giant cockroaches
  3 goblins
  2 hobgoblins
  4 bats (D:1)
  2 frilled lizards (D:1)
  9 kobolds
  A rat (D:1)
26 creatures vanquished.

Notes
Turn   | Place    | Note
-------+----------+-------------------------------------------
     0 | D:1      | KristoblXynda the Draconian Gladiator began the quest for the Orb.
     0 | D:1      | Reached XP level 1. HP: 17/17 MP: 1/1
   327 | D:1      | Reached XP level 2. HP: 13/24 MP: 2/2
   614 | D:2      | Reached XP level 3. HP: 19/29 MP: 3/3
   817 | D:2      | Reached skill level 4 in Axes
   843 | D:2      | Slain by an orc

Vault maps used:
D:1:      eino_arrival_cavern_a, serial_bayou_ford_a
D:2:      lemuel_crystal_altar, minmay_large_rounded_square

Skill      XL: |  1  2  3 |
---------------+----------+-----
Throwing       | 2 |  2.3
Dodging        | 3 |  3.1
Axes           | 4 |  4.0
Fighting       | |  2.1

Action                   || total
-------------------------++-------
Melee: War axe           ||    70
       Tailslap          ||     8
Armor: Skin              ||    21
Dodge: Dodged            ||    70

Table legend:
 A = Spawn XP
 B = Non-spawn XP
 C = Spawn XP percentage of total XP
 D = Spawn monster count
 E = Non-spawn monster count
 F = Spawn count percentage of total count
 G = Total turns spent on level
                    A         B        C        D         E        F      G
               +---------+---------+-------+---------+---------+-------+---------
         Total |       0 |      83 |   0.0 |       0 |      26 |   0.0 |   843
               +---------+---------+-------+---------+---------+-------+---------
           D:1 |       0 |      22 |   0.0 |       0 |      16 |   0.0 |   584
           D:2 |       0 |      61 |   0.0 |       0 |      10 |   0.0 |   259
               +---------+---------+-------+---------+---------+-------+---------
